 Dungeon Crawl Stone Soup version 0.32-a0-913-g739538afd8 (webtiles) character file.

Game seed: 15496095767757031373

555 Gargoyl the Chopper (level 7, -1/66 HPs)
             Began as a Gargoyle Berserker on Apr 9, 2024.
             Was a Believer of Trog.
             Incinerated by a bombardier beetle (2 damage)
             ... with a burning spray
             ... on level 4 of the Dungeon.
             The game lasted 00:03:02 (2385 turns).

Gargoyl the Chopper (Gargoyle Berserker)            Turns: 2385, Time: 00:03:02

Health: -1/66      AC: 14    Str: 20    XL:     7   Next: 30%
Magic:  7/7        EV:  8    Int:  8    God:    Trog [**....]
Gold:   149        SH:  0    Dex: 11    Spells: 6/6 levels left

rFire   . . .        a - +1 hand axe
rCold   . . .        (no shield)
rNeg    + . .        g - +0 chain mail
rPois   ∞            (no helmet)
rElec   +            (no cloak)
rCorr   .            (no gloves)
SInv    .            (no boots)
Will    .....        (no amulet) Stlth
                     (no ring)
HPRegen 0.31/turn    (no ring)
MPRegen 0.10/turn

%: no passive effects
@: berserking, on fire, glowing, very quick
A: sickness immunity, AC +4, negative energy resistance 1, electricity
resistance, torment resistance 1, petrification resistance
a: Renounce Religion, Berserk, Trog's Hand


You were on level 4 of the Dungeon.
You worshipped Trog.
Trog was pleased with you.
You visited 1 branch of the dungeon, and saw 4 of its levels.

You collected 149 gold pieces.

Inventory:

Hand Weapons
 a - a +1 hand axe (weapon)
 c - a +0 flail
Missiles
 h - 4 poisoned darts (quivered)
Armour
 g - a +0 chain mail (worn)
Scrolls
 b - 2 scrolls of fear
 i - a scroll of identify
 m - a scroll of revelation {unknown}
Potions
 d - a potion of ambrosia
 e - a potion of degeneration {unknown}
 f - a potion of magic {unknown}
 j - 2 potions of curing {unknown}
 k - a potion of heal wounds {unknown}
 l - a potion of enlightenment {unknown}
 n - a potion of attraction {unknown}


   Skills:
 + Level 4.8 Fighting
 + Level 5.5 Axes
 + Level 3.6 Armour
 + Level 3.0 Dodging
 + Level 0.3 Stealth


You had 6 spell levels left.
You didn't know any spells.
Your spell library was empty.

Dungeon Overview and Level Annotations

Branches:
Dungeon (4/15)
 Temple: D:4-7

Altars:
Fedhas
Kikubaaqudgha
Ru
Yredelemnul

Shops:
D:4 :


Innate Abilities, Weirdness & Mutations

You are immune to sickness and miasma.
Your stone body is resilient. (AC +4)
You are immune to poison.
You resist negative energy. (rN+)
You are resistant to electric shocks. (rElec)
You are resistant to unholy torment.
You are immune to petrification.


Message History

The burning spray hits you.
You are even more covered in liquid fire!
The web tears apart.
You feel a strong urge to attack something.
The liquid fire burns you!
* * * LOW HITPOINT WARNING * * *
The ribbon worm bites you.
* * * LOW HITPOINT WARNING * * *
Unknown command.
You hit the bombardier beetle.
The bombardier beetle is moderately wounded.
You hit the ribbon worm. The liquid fire burns you!
* * * LOW HITPOINT WARNING * * *
The bombardier beetle bites you.
* * * LOW HITPOINT WARNING * * *
You slash the bombardier beetle!
The bombardier beetle is almost dead.
You hit the ribbon worm. The liquid fire burns you!
* * * LOW HITPOINT WARNING * * *
The ribbon worm bites you but does no damage.
Unknown command.
You hit the bombardier beetle.
You kill the bombardier beetle!
Trog accepts your kill.
You barely miss the ribbon worm. The liquid fire burns you!
* * * LOW HITPOINT WARNING * * *
Unknown command.
You closely miss the hound. You slash the ribbon worm!
The liquid fire burns you!
* * * LOW HITPOINT WARNING * * *
The ribbon worm barely misses you. The hound bites you but does no damage.
You are too berserk!
You slash the hound!
The hound is almost dead.
You hit the ribbon worm. The liquid fire burns you!
You die...

##..... .......
....... ....... ...
....... ...
###....... ....
#.hw....#
.....##.@##...#...
....$#.....#.......
#<.................
#.......####∩......
##.......###.....#
#...##..##......#
#..........#....#
#..###..........#.
## ####...........


You could see a ribbon worm and a hound.

Vanquished Creatures
  Sigmund (D:2)
  Eustachio (D:4)
  A bombardier beetle (D:4)
  An orc priest (D:4)
  Terence (D:2)
  2 iguanas (D:4)
  An orc wizard (D:4)
  3 gnolls (D:2)
  A ribbon worm (D:3)
  8 orcs
  3 ball pythons
  6 endoplasms
  2 giant cockroaches
  2 goblins
  5 hobgoblins
  5 jackals
  3 kobolds
  4 quokkas
  5 bats
  A frilled lizard (D:2)
  4 rats
60 creatures vanquished.

Notes
Turn   | Place    | Note
-------+----------+-------------------------------------------
     0 | D:1      | Gargoyl the Gargoyle Berserker began the quest for the Orb.
     0 | D:1      | Reached XP level 1. HP: 14/14 MP: 1/1
   243 | D:1      | Found a faded altar of an unknown god.
   494 | D:1      | Reached XP level 2. HP: 16/19 MP: 2/2
   495 | D:1      | Reached skill level 3 in Axes
   623 | D:2      | Noticed Sigmund
   628 | D:2      | Reached XP level 3. HP: 21/24 MP: 3/3
   632 | D:2      | Killed Sigmund
   633 | D:2      | Reached skill level 4 in Axes
   633 | D:2      | Reached XP level 4. HP: 21/29 MP: 4/4
   633 | D:2      | Reached XP level 5. HP: 24/33 MP: 5/5
   792 | D:2      | Noticed Terence
   804 | D:2      | Killed Terence
   805 | D:2      | Reached XP level 6. HP: 33/39 MP: 6/6
   888 | D:2      | Reached ** piety under Trog
  1490 | D:3      | Found a sacrificial altar of Ru.
  1614 | D:3      | Found an ancient bone altar of Kikubaaqudgha.
  1794 | D:3      | Found a blossoming altar of Fedhas.
  1830 | D:3      | Found a basalt altar of Yredelemnul.
  2136 | D:4      | Noticed Eustachio
  2160 | D:4      | Killed Eustachio
  2161 | D:4      | Reached skill level 5 in Axes
  2163 | D:4      | Reached XP level 7. HP: 36/44 MP: 7/7
  2335 | D:4      | Found Zeoqiac's Book Shop.
  2384 | D:4      | HP: 1/66 [burnt (3)]
  2385 | D:4      | Incinerated by a bombardier beetle

Illustrated notes

Levels and vault maps discovered:
D:1:      lemuel_arrival_behind_the_door_small, layout_basic,
          ebering_ecumenical_altar_hall
D:2:      layout_loops_ring, uniq_sigmund, uniq_terence
D:3:      layout_loops_ring, nicolae_kikubaaqudgha_miasma_corner,
          fedhas_altar_3, mainiacjoe_overflow_24_doors, hangedman_ru_absence
D:4:      layout_cave_pools, good_gods_temple_1,
          nicolae_qazlal_general_emergency, serial_shops, shop,
          uniq_blork_the_orc, uniq_eustachio, uniq_crazy_yiuf_cottage

Skill      XL: |  1  2  3  4  5  6 |
---------------+-------------------+-----
Axes           | 3 4 5 |  5.5
Fighting       | 4 |  4.8
Dodging        | 2 3 |  3.0
Armour         | 3 |  3.6
Stealth        | |  0.3

Action                     |  1- 3 |  4- 6 |  7- 9 || total
---------------------------+-------+-------+-------++-------
  Melee: Hand axe          |    34 |    96 |    46 ||   176
 Invoke: Berserk           |     1 |     2 |     1 ||     4
         Trog's Hand       |       |       |     1 ||     1
    Use: Scroll            |     4 |     5 |       ||     9
 Armour: Animal skin       |    44 |       |       ||    44
         Chain mail        |    13 |   127 |    38 ||   178
  Dodge: Dodged            |    66 |    75 |    14 ||   155

Table legend: (Time is in decaauts)
 A = Elapsed time spent in this place.
 B = Non-inter-level travel time spent in this place.
 C = Inter-level travel time spent in this place.
 D = Time resting spent in this place.
 E = Time spent auto-exploring this place.
 F = Levels seen in this place.
 G = Mean time per level.
                   A        B        C        D        E       F      G
               +--------+--------+--------+--------+--------+-----+--------+
         Total |   2427 |   2334 |     93 |     81 |   1694 |   4 |  606.8 |
       Dungeon |   2427 |   2334 |     93 |     81 |   1694 |   4 |  606.8 |
               +--------+--------+--------+--------+--------+-----+--------+

Top non-repeatable levels by time:
     D:2: 778 daAuts
     D:3: 767 daAuts
     D:1: 625 daAuts
     D:4: 255 daAuts
